 Dungeon Crawl Stone Soup version 0.28.0-47-ge53b351184 (webtiles) character file.

Game seed: 14917988620136160106

10537 pkoi the Destroyer (level 11, -8/82 HPs)
             Began as a Demigod Conjurer on May 8, 2022.
             Mangled by a troll (12 damage)
             ... on level 12 of the Dungeon.
             The game lasted 00:23:18 (22329 turns).

pkoi the Destroyer (Demigod Conjurer)              Turns: 22329, Time: 00:23:18

Health: -8/82      AC:  7    Str:  8    XL:     11   Next: 15%
Magic:  3/24       EV: 13    Int: 32    God:
Gold:   684        SH:  0    Dex: 12    Spells: 11/22 levels left

rFire   . . .      SeeInvis .   h - staff of conjuration
rCold   . . .      Faith    .   (no shield)
rNeg    . . .      Spirit   .   w - +0 steam dragon scales
rPois   .          Reflect  .   (no helmet)
rElec   .          Harm     .   (no cloak)
rCorr   .          Rampage  .   v - +1 pair of gloves
Will    +....                   (no boots)
Stlth   ++........              (no amulet)
HPRegen 0.23/turn               (no ring)
MPRegen 0.19/turn               (no ring)

@: about to teleport
A: high MP 1, forlorn, divine attributes
a: no special abilities


You were on level 12 of the Dungeon.
You visited 2 branches of the dungeon, and saw 15 of its levels.

You collected 684 gold pieces.

Inventory:

Hand Weapons
 b - a +1 dagger
 o - a +6 trident
Missiles
 x - 3 curare-tipped darts
Armour
 a - a +1 robe
 v - a +1 pair of gloves (worn)
 w - +0 steam dragon scales (worn)
Magical Staves
 h - a staff of conjuration (weapon)
Jewellery
 g - a +4 ring of slaying
 m - a ring of flight
 u - a ring of poison resistance
Wands
 e - a wand of charming (12)
 n - a wand of acid (8)
 r - a wand of digging (2)
 s - a wand of mindburst (6)
Scrolls
 f - 7 scrolls of teleportation
 k - 2 scrolls of enchant weapon
 p - a scroll of silence
 t - a scroll of torment
Potions
 c - 2 potions of curing
 d - a potion of cancellation
 i - 2 potions of flight
 j - 2 potions of might
 l - 2 potions of haste


   Skills:
 - Level 3.0 Fighting
 - Level 3.0 Armour
 - Level 4.0 Dodging
 - Level 1.7 Stealth
 * Level 6.3 Spellcasting
 + Level 11.9 Conjurations
 * Level 6.4 Hexes
 - Level 5.0 Translocations


You had 11 spell levels left.
You knew the following spells:

 Your Spells              Type           Power      Damage    Failure   Level
a - Magic Dart            Conj           100%       1d8       1%          1
b - Searing Ray           Conj           100%       2d8       1%          2
c - Iskenderun's Mystic   Conj/Tloc      77%        2d15      1%          4
d - Fulminant Prism       Conj/Hex       40%        3d20      1%          4

Your spell library contained the following spells:

 Spells                   Type           Power      Damage    Failure   Level
 Apportation              Tloc           84%        N/A       1%          1
 Ensorcelled Hibernation  Hex/Ice        60%        N/A       1%          2
 Dazzling Flash           Conj/Hex       100%       N/A       1%          3
 Summon Guardian Golem    Hex/Summ       30%        N/A       3%          3
 Animate Skeleton         Necr           20%        N/A       4%          1
 Pain                     Necr           40%        1d6       4%          1
 Passwall                 Tmut/Erth      8%         N/A       7%          2
 Anguish                  Hex/Necr       15%        N/A       12%         4
 Spider Form              Tmut/Pois      10%        N/A       14%         3
 Swiftness                Air            10%        N/A       14%         3
 Vampiric Draining        Necr           10%        2d6       14%         3
 Orb of Destruction       Conj           46%        9d12      28%         7
 Metabolic Englaciation   Hex/Ice        15%        N/A       32%         5
 Petrify                  Tmut/Erth      10%        N/A       41%         4
 Alistair's Intoxication  Tmut/Pois      6%         N/A       77%         5
 Spellforged Servitor     Conj/Summ      32%        N/A       97%         7
 Statue Form              Tmut/Erth      6%         N/A       100%        6
 Borgnjor's Revivificati  Necr           5%         N/A       100%        8
 Necromutation            Tmut/Necr      5%         N/A       100%        8
 Death's Door             Necr           5%         N/A       100%        9


Dungeon Overview and Level Annotations

Branches:
Dungeon (14/15)            Temple (1/1) D:4            Lair (0/6) D:10
    Orc (0/2) D:10
 Vaults: D:13-14

Shops:
D:1 (   D:5 *

Annotations:
D:3 1 runed translucent door, Cheops's ghost, weakling VSFi
D:4 1 runed translucent door, Crazy Yiuf


Innate Abilities, Weirdness & Mutations

You have an increased reservoir of magic. (+10% MP)
You shall have no god before yourself.
Your divine heritage dramatically boosts your attributes as you level up.


Message History

The slime creature quivers.
A slime creature comes into view.
A slime creature comes into view.
You see here a scroll of identify.
Casting: Magic Dart (safe; 1% risk of failure)
Confirm with . or Enter, or press ? or * to list all spells.
You feel a surge of power!
You erupt in a blast of force!
The mystic blast hits the skeletal warrior!
The skeletal warrior is moderately damaged.
The skeletal warrior is knocked back by the mystic blast.
The skeletal warrior slams into the rock wall!
The skeletal warrior is moderately damaged.
The mystic blast hits the skeletal warrior!!
The skeletal warrior is moderately damaged.
The skeletal warrior is knocked back by the mystic blast.
The mystic blast hits the slime creature!!
The slime creature is moderately wounded.
The slime creature is knocked back by the mystic blast.
The slime creature slams into the rock wall!
The slime creature is heavily wounded.
Unknown command.
The slime creature hits you!
* * * LOW HITPOINT WARNING * * *
There is an escape hatch in the ceiling here.
Casting: Iskenderun's Mystic Blast (mildly dangerous; 1% risk of failure)
Confirm with . or Enter, or press ? or * to list all spells.
You don't have enough magic to cast this spell.
Unknown command.
The slime creature hits you!
* * * LOW HITPOINT WARNING * * *
A mysterious force pulls you upwards. The hatch slams shut behind you.
Found a scroll of teleportation.
Unknown command.
As you read the scroll of teleportation, it crumbles to dust.
You feel strangely unstable. The slime creature closely misses you.
The troll bites you but does no damage. The troll closely misses you.
The troll claws you but does no damage. The slime creature closely misses you.
The troll barely misses you. The troll claws you!
You die...

#######+##
#.@.......
#JT.......
#.........
#.........
..........
#####..?.##
....# ....#


You could see a slime creature and a troll.

Vanquished Creatures
  A hydra (D:7)
  A deep elf pyromancer (D:13)
  A manticore (D:13)
  2 ugly things (D:14)
  An unseen horror (D:10)
  Maggie (D:8)
  Sigmund (D:6)
  A wraith (D:10)
  7 yaks
  A human (shapeshifter) (D:13)
  2 wyverns
  Grum (D:10)
  A basilisk (D:14)
  A steam dragon (D:6)
  3 water moccasins
  A swamp drake (D:10)
  7 orc warriors
  3 sky beasts
  2 ice beasts
  2 ogres
  4 necrophages
  2 black bears
  2 wolves (D:10)
  A centaur (D:8)
  2 bullfrogs (D:7)
  5 gnoll sergeants (D:10)
  2 scorpions (D:6)
  A water moccasin skeleton (D:5)
  2 killer bees
  15 wights
  3 jellies
  4 centaur zombies
  A bullfrog zombie (D:7)
  A gnoll shaman (D:10)
  9 orc priests
  11 hounds
  4 iguanas
  9 orc wizards
  A hound skeleton (D:5)
  2 howler monkey zombies
  17 gnolls
  7 adders
  A shadow imp (D:6)
  A white imp (D:6)
  A worm (D:3)
  3 dart slugs
  34 orcs
  9 bats
  5 endoplasms
  3 giant cockroaches
  6 goblins
  A hobgoblin (D:2)
  8 jackals
  A quokka (D:3)
  6 ball pythons
  5 frilled lizards (D:2)
  6 kobolds
  7 rats
242 creatures vanquished.

Vanquished Creatures (others)
  3 killer bees (D:7)
  39 fulminant prisms
42 creatures vanquished.

Grand Total: 284 creatures vanquished

Notes
Turn   | Place    | Note
-------+----------+-------------------------------------------
     0 | D:1      | pkoi the Demigod Conjurer began the quest for the Orb.
     0 | D:1      | Reached XP level 1. HP: 14/14 MP: 5/5
    41 | D:1      | Found Jusoenul's Weapon Emporium.
   425 | D:1      | Reached skill level 4 in Conjurations
   850 | D:1      | Reached XP level 2. HP: 20/20 MP: 0/7
  1605 | D:2      | Reached XP level 3. HP: 26/26 MP: 3/8
  2821 | D:3      | Reached skill level 5 in Conjurations
  3029 | D:3      | Found a runed translucent door.
  3587 | D:3      | Reached XP level 4. HP: 33/33 MP: 5/9
  3753 | D:3      | Noticed Cheops's ghost (weakling VSFi)
  4328 | D:4      | Found a staircase to the Ecumenical Temple.
  4343 | Temple   | Entered the Ecumenical Temple
  4576 | D:4      | Learned a level 2 spell: Searing Ray
  4924 | D:4      | Noticed an ogre
  4929 | D:4      | Killed an ogre
  4930 | D:4      | Reached skill level 6 in Conjurations
  4930 | D:4      | Reached XP level 5. HP: 38/38 MP: 4/10
  5140 | D:4      | Found a runed translucent door.
  5141 | D:4      | Noticed Crazy Yiuf
  5219 | D:4      | Noticed a necrophage
  5224 | D:4      | Killed a necrophage
  5900 | D:5      | Entered Level 5 of the Dungeon
  5903 | D:5      | Noticed a sky beast
  5912 | D:5      | Killed a sky beast
  5913 | D:5      | Reached skill level 7 in Conjurations
  5913 | D:5      | Reached XP level 6. HP: 34/45 MP: 1/11
  6811 | D:5      | Found Xeusescha's Assorted Antiques.
  6968 | D:5      | Reached skill level 8 in Conjurations
  6968 | D:5      | Reached XP level 7. HP: 50/50 MP: 3/12
  7890 | D:6      | Noticed Sigmund
  7893 | D:6      | Killed Sigmund
  7894 | D:6      | Reached skill level 9 in Conjurations
  9239 | D:5      | Learned a level 4 spell: Iskenderun's Mystic Blast
  9365 | D:6      | Reached XP level 8. HP: 48/57 MP: 7/13
  9421 | D:6      | Reached skill level 1 in Translocations
  9644 | D:6      | Reached skill level 10 in Conjurations
 11749 | D:7      | HP: 1/57 [killer bee (6)]
 12379 | D:7      | Noticed a seven-headed hydra
 12578 | D:7      | Reached skill level 11 in Conjurations
 12578 | D:7      | Reached skill level 5 in Translocations
 12578 | D:7      | Reached XP level 9. HP: 62/62 MP: 4/15
 12756 | D:7      | Learned a level 4 spell: Fulminant Prism
 13143 | D:7      | Killed a seven-headed hydra
 13144 | D:7      | Reached skill level 1 in Fighting
 13144 | D:7      | Reached skill level 1 in Armour
 14519 | D:8      | Reached XP level 10. HP: 23/74 MP: 0/19
 15463 | D:8      | Noticed Maggie
 15474 | D:8      | Killed Maggie
 17691 | D:10     | Entered Level 10 of the Dungeon
 18705 | D:10     | Reached skill level 5 in Spellcasting
 18710 | D:10     | Reached skill level 5 in Hexes
 19380 | D:10     | Noticed Grum
 19383 | D:10     | Killed Grum
 19827 | D:10     | Found a staircase to the Orcish Mines.
 20734 | D:10     | Found a staircase to the Lair.
 21963 | D:11     | You fall into a shaft and drop 3 floors!
 22017 | D:14     | Noticed a red ugly thing
 22018 | D:14     | Noticed a red ugly thing
 22027 | D:14     | Killed a red ugly thing
 22028 | D:14     | Reached XP level 11. HP: 27/82 MP: 8/23
 22212 | D:13     | Noticed a skeletal warrior
 22292 | D:13     | Noticed a deep elf pyromancer
 22299 | D:13     | Killed a deep elf pyromancer
 22307 | D:13     | Noticed a skeletal warrior
 22308 | D:13     | Noticed a skeletal warrior
 22326 | D:13     | HP: 3/82 [slime creature (10)]
 22329 | D:12     | Mangled by a troll

Illustrated notes

Levels and vault maps discovered:
D:1:      amcnicky_arrival_underground_garden, layout_rooms, serial_shops,
          nicolae_shop_advertising_works [nicolae_subvault_shop_adworks]
D:2:      layout_loops_corners, serial_glass, glass_columns_a, glass_columns_a,
          glass_columns_a, glass_columns_b, glass_columns_a, glass_columns_a,
          hangedman_abyss_or_decor_lesser_grid, st_stairs_8
D:3:      layout_basic, gammafunk_ghost_grave
D:4:      layout_gridville, minmay_temple_entry_purple_smoke,
          corexii_item_surrounded_by_moat, uniq_crazy_yiuf_cottage
D:5:      layout_basic, serial_shops, nicolae_shop_stone
D:6:      layout_basic, vehumet_crystals, kennysheep_donut, uniq_sigmund
D:7:      minmay_skewed_foursquare, layout_loops_ring,
          chequers_temple_overflow_statue_of_worship
D:8:      layout_rooms, enter_bailey_8, uniq_maggie
D:9:      layout_basic, minmay_between
D:10:     layout_cave_pools, lair_entry_dummy, erik_orc_1, serial_gnoll_camp,
          gnoll_camp_mini_basic, gnoll_camp_mini_house, grums_kennel,
          gnoll_camp_mini_house, gnoll_camp_huts_basic, minivault_22
D:11:     layout_loops_ring, led_xom_imps
D:12:     layout_basic, uniq_josephine, uniq_maurice
D:13:     layout_loops_ring, ximxim_vaults_locker_room
D:14:     nzn_winding_woodlands_medium [nzn_winding_woodlands_5x5_default,
          nzn_winding_woodlands_5x15_river_crossing,
          nzn_winding_woodlands_hourglass, nzn_winding_woodlands_5x5_open_star,
          nzn_winding_woodlands_center_pierced_h,
          nzn_winding_woodlands_5x5_default,
          nzn_winding_woodlands_5x5_checkerboard,
          nzn_winding_woodlands_5x15_concentric,
          nzn_winding_woodlands_5x5_cross], layout_loops_ring,
          nrook_pool_corridor, portal_ice_cave_entry_ice_simulacra
Temple:   mainiacjoe_temple_bowtie_tessellation

Skill      XL: |  1  2  3  4  5  6  7  8  9 10 11 |
---------------+----------------------------------+-----
Conjurations   | 4 5 6 7 8 9 11 | 11.9
Spellcasting   | 2 3 5 6 |  6.3
Translocations | 5 |  5.0
Fighting       | 2 3 |  3.0
Armour         | 2 3 |  3.0
Dodging        | 3 4 |  4.0
Hexes          | 3 5 6 |  6.4
Stealth        | |  1.7

Action                   |  1- 3 |  4- 6 |  7- 9 | 10-12 || total
-------------------------+-------+-------+-------+-------++-------
Melee: Dagger            |    12 |     1 |    12 |       ||    25
       Punch             |     1 |       |       |     1 ||     2
       Unarmed           |     1 |       |       |       ||     1
       Staff             |       |       |     3 |    16 ||    19
 Cast: Magic Dart        |   105 |    33 |    79 |   135 ||   352
       Searing Ray       |       |    13 |    30 |     4 ||    47
       Iskenderun's Myst |       |       |    27 |    63 ||    90
       Fulminant Prism   |       |       |     5 |    34 ||    39
Evoke: Wand              |       |       |     4 |     2 ||     6
  Use: Scroll            |     7 |       |     5 |     5 ||    17
       Potion            |     2 |       |     3 |     2 ||     7
Armor: Robe              |    11 |     1 |    12 |     6 ||    30
       Steam dragon scal |       |       |       |    11 ||    11
Dodge: Dodged            |    17 |     9 |    48 |    35 ||   109
